Map: Mech Depot LE

Players

Lancer - Winner!

  • Race: Terran Terran
  • League: Gold
  • Spawn Location: 7:00

DankDoctor

  • Race: Protoss Protoss
  • League: Gold
  • Spawn Location: 1:00

VOD

Have the link to the VOD?

Description

Time

  • Played on: Aug. 5, 2017, 10:07 a.m.
  • Length: 9:17
Show
View Real Time Build Order
Export as new Build Order

Lancer Terran - Winner!

Build Orders: Reaper Expand, MMM Bio 

Get SALT Encoding   

  12  0:00  SCV  
  13  0:13  SCV  
  14  0:17  Supply Depot  
  14  0:25  SCV  
  15  0:39  SCV  
  15  0:41  Refinery  
  16  0:45  Barracks  
  16  0:51  SCV  
  17  1:03  SCV  
  18  1:15  SCV  
  19  1:32  Orbital Command, Reaper  
  20  1:42  Command Center  
  20  2:04  Factory  
  20  2:05  SCV  
  21  2:13  Refinery  
  21  2:17  SCV  
  21  2:19  Barracks Reactor, Supply Depot  
  22  2:29  SCV  
  23  2:41  SCV  
  24  2:53  SCV  
  24  2:54  Starport  
  25  3:04  Widow Mine x2  
  25  3:05  SCV  
  30  3:06  Orbital Command  
  30  3:15  Barracks Tech Lab  
  30  3:16  Barracks  
  30  3:18  SCV  
  31  3:30  SCV  
  31  3:32  SCV  
  33  3:35  Medivac  
  33  3:37  Widow Mine x2  
  33  3:41  Marine  
  40  3:42  SCV  
  40  3:45  Refinery  
  41  3:50  Engineering Bay  
  41  3:53  SCV  
  41  3:54  Engineering Bay  
  42  3:56  Stimpack  
  42  4:03  SCV  
  42  4:04  Barracks Reactor  
  42  4:06  SCV  
  44  4:15  SCV  
  45  4:19  SCV  
  45  4:20  Starport Reactor  
  45  4:23  Supply Depot  
  46  4:26  Supply Depot, Refinery  
  46  4:35  Terran Infantry Weapons Level 1, Terran Infantry Armor Level 1  
  46  4:44  Marine, Widow Mine x2  
  46  4:45  SCV x2  
  53  4:57  SCV  
  54  5:05  Marine x2  
  54  5:06  Marine  
  57  5:09  SCV x2  
  57  5:11  Supply Depot  
  57  5:19  Medivac  
  57  5:20  Medivac  
  57  5:21  Barracks x2  
  61  5:23  Marine  
  62  5:29  SCV x2  
  62  5:31  Marauder  
  62  5:42  SCV x2  
  64  5:43  Supply Depot  
  62  5:50  Marine x2  
  62  5:53  Marauder  
  62  5:54  SCV x2  
  62  5:55  Widow Mine  
  70  5:59  Supply Depot  
  70  6:01  Supply Depot  
  70  6:04  Widow Mine  
  70  6:06  SCV  
  70  6:07  Medivac x2, Marine  
  70  6:09  Barracks Tech Lab  
  70  6:10  Barracks Reactor  
  78  6:13  Supply Depot  
  78  6:19  Supply Depot  
  78  6:20  Supply Depot  
  78  6:21  SCV  
  79  6:30  Marine x4  
  83  6:33  SCV x2  
  83  6:35  Combat Shields  
  85  6:45  SCV  
  85  6:46  Supply Depot, SCV  
  87  6:54  Marine  
  87  6:55  Marine x2, Marauder  
  87  6:58  SCV x2  
  87  6:59  Siege Tank  
  87  7:00  Marine x3  
  100  7:16  Marauder  
  102  7:24  Marine x2  
  102  7:25  Marine x3  
  107  7:31  Siege Tank  
  99  7:38  Marauder  
  99  7:39  Marine  
  99  7:42  Marine x2  
  99  7:43  Supply Depot x2  
  104  7:48  Marine x3  
  107  7:56  Marine  
  107  7:57  Command Center  
  108  7:59  Marauder  
  108  8:00  Marine x2, Liberator  
  108  8:02  Liberator  
  112  8:07  Barracks x2, Marine x3  
  112  8:08  Barracks  
  112  8:10  SCV x2  
  117  8:13  Supply Depot  
  117  8:15  Supply Depot  
  117  8:16  Siege Tank  
  123  8:21  Marauder  
  128  8:29  Marine x4  
  132  8:39  Marine x2  
  134  8:42  Marauder  
Show
View Real Time Build Order
Export as new Build Order

DankDoctor Protoss 

Build Orders: 1 Gate Expand 

Get SALT Encoding   

  12  0:00  Probe (Chrono Boost)  
  13  0:15  Pylon  
  13  0:17  Probe (Chrono Boost)  
  14  0:27  Probe (Chrono Boost)  
  15  0:38  Gateway, Probe (Chrono Boost)  
  16  0:47  Assimilator  
  16  0:49  Probe (Chrono Boost)  
  17  0:59  Probe (Chrono Boost)  
  18  1:10  Probe (Chrono Boost)  
  19  1:20  Probe (Chrono Boost)  
  20  1:37  Nexus  
  20  1:43  Cybernetics Core  
  20  1:51  Probe (Chrono Boost)  
  21  2:01  Probe (Chrono Boost)  
  21  2:03  Assimilator  
  22  2:10  Pylon  
  22  2:12  Probe (Chrono Boost)  
  23  2:24  Warp Gate  
  23  2:28  Adept  
  23  2:29  Mothership Core (Chrono Boost)  
  26  2:35  Pylon  
  26  2:47  Probe (Chrono Boost)  
  27  2:52  Probe (Chrono Boost)  
  27  2:58  Probe (Chrono Boost)  
  29  3:05  Probe (Chrono Boost)  
  30  3:08  Probe (Chrono Boost)  
  30  3:12  Gateway  
  31  3:14  Gateway  
  31  3:15  Probe (Chrono Boost)  
  31  3:18  Gateway  
  32  3:24  Robotics Facility  
  32  3:26  Probe x2 (Chrono Boost)  
  34  3:36  Probe x2 (Chrono Boost)  
  36  3:43  Adept  
  36  3:45  Pylon  
  36  3:47  Probe (Chrono Boost)  
  39  3:50  Assimilator  
  39  3:51  Probe (Chrono Boost)  
  40  3:57  Probe (Chrono Boost)  
  40  4:00  Adept  
  43  4:10  Twilight Council  
  43  4:11  Gateway  
  43  4:12  Probe (Chrono Boost)  
  43  4:13  Observer, Probe (Chrono Boost)  
  46  4:30  Adept  
  46  4:31  Adept  
  50  4:35  Pylon  
  50  4:44  Observer  
  51  4:50  Adept  
  43  5:11  Probe x2 (Chrono Boost)  
  43  5:13  Stalker x2  
  43  5:14  Stalker  
  51  5:17  Observer  
  52  5:22  Probe x2 (Chrono Boost)  
  52  5:26  Forge  
  49  5:32  Probe x2 (Chrono Boost)  
  44  5:47  Stalker  
  44  5:48  Stalker x3  
  52  5:51  Probe x2 (Chrono Boost)  
  54  6:01  Probe x2 (Chrono Boost)  
  56  6:09  Assimilator  
  56  6:12  Probe x2 (Chrono Boost)  
  56  6:13  Pylon  
  56  6:17  Adept x3  
  64  6:22  Probe x2 (Chrono Boost)  
  64  6:24  Observer  
  67  6:35  Photon Cannon  
  67  6:41  Gateway  
  67  6:43  Pylon  
  67  6:49  Adept  
  67  6:50  Resonating Glaives (Chrono Boost)  
  67  6:52  Probe  
  70  6:56  Probe  
  71  7:04  Probe  
  71  7:06  Probe  
  73  7:10  Adept x3  
  79  7:16  Probe  
  79  7:17  Probe  
  60  7:37  Probe  
  60  7:38  Probe  
  62  7:48  Probe  
  62  7:51  Mothership Core  
  65  7:55  Stalker  
  67  7:58  Probe, Zealot  
  67  7:59  Zealot x2  
  74  8:11  Probe  
  74  8:12  Probe  
  76  8:22  Probe  
  76  8:24  Probe, Stalker x2  
  82  8:32  Probe  
  83  8:36  Probe  
  83  8:38  Adept  
  86  8:44  Pylon  
  86  8:53  Probe  
  86  8:54  Pylon  
  85  8:57  Adept  
  85  8:58  Adept x2  
  85  8:59  Adept x2  
Tags
 
Add a new tag
Caveats
  • Supply blocks, unpowered buildings, or Contaminate may cause inaccurate times.
  • Supply counts are checked every 10 seconds.